 Dungeon Crawl Stone Soup version 0.29.1-15-g9cfb28693d (webtiles) character file.

Game seed: 9133454494172520962

9898 protoss039 the Covert (level 11, -6/67 HPs)
             Began as a Vampire Enchanter on Apr 1, 2023.
             Was a Priest of Dithmenos.
             Mangled by a yak (15 damage)
             ... on level 10 of the Dungeon.
             The game lasted 00:26:01 (11151 turns).

protoss039 the Covert (Vampire Enchanter)          Turns: 11151, Time: 00:26:01

Health: -6/67      AC:  5    Str:  7    XL:     11   Next: 29%
Magic:  7/19       EV: 14    Int: 18    God:    Dithmenos [***...]
Gold:   851        SH: 10    Dex: 19    Spells: 6/21 levels left

rFire   + . .      SeeInvis +   p - +0 dagger (venom)
rCold   + + +      Faith    .   y - +0 buckler
rNeg    + + +      Spirit   .   J - +0 leather armour {rF+}
rPois   ∞          Reflect  +   N - +2 hat
rElec   .          Harm     .   (no cloak)
rCorr   .          Rampage  .   (no gloves)
Will    +....                   (no boots)
Stlth   ++++++++++              f - amulet of reflection
HPRegen 0.00/turn               (no ring)
MPRegen 0.16/turn               A - ring of protection from cold

@: bloodless, inhibited regen, slowed, wreathed by umbra, very slow
A: bloodless, fangs 3, see invisible, vampiric 2
a: Bat Form, Revivify, Renounce Religion, Shadow Step


You were on level 10 of the Dungeon.
You worshipped Dithmenos.
Dithmenos was most pleased with you.
You visited 2 branches of the dungeon, and saw 11 of its levels.
You also visited: Bailey.

You collected 929 gold pieces.
You spent 78 gold pieces at shops.

Inventory:

Hand Weapons
 p - a +0 dagger of venom (weapon)
Missiles
 n - 16 poisoned darts (quivered)
 M - 5 curare-tipped darts
Armour
 w - a +0 helmet
 y - a +0 buckler (worn)
 J - a +0 leather armour of fire resistance (worn)
 N - a +2 hat (worn)
 O - +0 acid dragon scales
Magical Staves
 C - a staff of earth
Jewellery
 f - an amulet of reflection (around neck)
 g - a ring of ice
 A - a ring of protection from cold (right hand)
Wands
 x - a wand of flame (20)
 G - a wand of polymorph (7)
 L - a wand of roots (12)
 P - a wand of quicksilver (6)
Scrolls
 b - a scroll of torment {unknown}
 h - a scroll of noise {unknown}
 i - a scroll of identify
 j - 2 scrolls of amnesia
 k - 3 scrolls of vulnerability {unknown}
 l - 2 scrolls of immolation {unknown}
 q - 3 scrolls of butterflies
 r - 3 scrolls of fear
 t - 6 scrolls of teleportation
 u - a scroll of poison {unknown}
 v - a scroll of blinking {unknown}
 D - 2 scrolls of magic mapping {unknown}
 E - a scroll of silence {unknown}
 I - a scroll of enchant weapon {unknown}
Potions
 a - 2 potions of resistance {unknown}
 c - a potion of experience
 d - 2 potions of might
 e - 6 potions of curing
 m - 3 potions of haste {unknown}
 o - 2 potions of heal wounds {unknown}
 s - 2 potions of magic {unknown}
 z - 2 potions of ambrosia {unknown}
 B - 2 potions of berserk rage {unknown}
 F - a potion of brilliance {unknown}
 H - a potion of invisibility
 K - a potion of cancellation {unknown}


   Skills:
 * Level 7.1 Fighting
 - Level 3.0 Short Blades
 + Level 1.3 Armour
 + Level 6.6 Dodging
 * Level 12.9 Stealth
 + Level 1.6 Shields
 * Level 5.7 Spellcasting
 - Level 3.0 Conjurations
 + Level 9.1 Hexes
 - Level 3.0 Ice Magic
 * Level 6.5 Invocations


You had 6 spell levels left.
You knew the following spells:

 Your Spells              Type           Power      Damage    Failure   Level
a - Ensorcelled Hibernat  Hex/Ice        54%        N/A       3%          2
b - Confusing Touch       Hex            38%        N/A       1%          3
c - Tukima's Dance        Hex            38%        N/A       1%          3
d - Dazzling Flash        Conj/Hex       54%        N/A       6%          3
e - Cause Fear            Hex            19%        N/A       6%          4

Your spell library contained the following spells:

 Spells                   Type           Power      Damage    Failure   Level
 Inner Flame              Hex/Fire       21%        N/A       11%         3
 Portal Projectile        Hex/Tloc       42%        N/A       11%         3
 Static Discharge         Conj/Air       10%        3-5/arc   21%         2
 Blink                    Tloc           10%        N/A       36%         2
 Sublimation of Blood     Necr           5%         N/A       36%         2
 Wereblood                Tmut           5%         N/A       36%         2
 Leda's Liquefaction      Hex/Erth       10%        N/A       36%         4
 Call Canine Familiar     Summ           5%         N/A       58%         3
 Sticky Flame             Conj/Fire      10%        2d3       78%         4
 Dispel Undead            Necr           5%         3d7       94%         4
 Manifold Assault         Tloc           5%         N/A       100%        5
 Storm Form               Tmut/Air       2%         N/A       100%        7
 Summon Hydra             Summ           2%         N/A       100%        7
 Discord                  Hex            19%        N/A       100%        8


Dungeon Overview and Level Annotations

Branches:
Dungeon (10/15) Zot: 25937  Temple (1/1) D:4 Zot: 5923    Lair (0/5) D:8
    Orc (0/2) D:10         Bailey (visited)

Altars:
Ashenzari
Cheibriados
Dithmenos
Fedhas
Gozag
Hepliaklqana
Kikubaaqudgha
Makhleb
Nemelex Xobeh
Okawaru
Qazlal
Ru
Sif Muna
Trog
Uskayaw
Vehumet
Wu Jian
Xom
Yredelemnul

Shops:
D:3 *   D:8 [


Innate Abilities, Weirdness & Mutations

You do not regenerate when monsters are visible.
You are frail without blood (-20% HP).
You can heal yourself when you bite living creatures.
You are immune to poison.
You have razor-sharp teeth.
You have supernaturally acute eyesight. (SInv)
You are afflicted with vampirism and can become a bat while bloodless.


Message History

The vampire mosquito bites you but does no damage.
You block the vampire mosquito's attack.
You block the yak's attack. The yak misses you.
You block the vampire mosquito's attack.
The vampire mosquito barely misses you.
Unknown command.
Unknown command.
You catch the helpless yak completely off-guard!
You bite the yak, and draw its blood!
You feel better.
You impale the yak!! Your bite misses the yak.
The yak is almost dead.
The vampire mosquito bites you.
You block the vampire mosquito's attack.
The yak misses you. The yak closely misses you. The yak gores you.
The vampire mosquito bites you. The vampire mosquito bites you!
The yak misses you. The vampire mosquito bites you. The yak closely misses you.
The yak gores you but does no damage.
Unknown command.
Unknown command.
Aiming: Shadow Step
Press: ? - help, Dir - move target, f - yak
Aim: a yak (moderately wounded, umbra)
You step into the yak's shadow.
The yak barely misses you.
Unknown command.
The yak attacks as you move away! The yak gores you.
* * * LOW HITPOINT WARNING * * *
The yak is no longer blind. x2; You block the yak's attack.
The vampire mosquito attacks as you move away!
The vampire mosquito bites you but does no damage.
The vampire mosquito barely misses you. The vampire mosquito misses you.
The vampire mosquito bites you!
* * * LOW HITPOINT WARNING * * *
You block the vampire mosquito's attack.
The vampire mosquito barely misses you.
There is an escape hatch in the ceiling here.
Unknown command.
You block the vampire mosquito's attack. x2
The vampire mosquito closely misses you.
The vampire mosquito misses you. The yak gores you!
You die...

#...# #... ...# #.....
...##+## #....... ####
y.....# #...... ##.(##
.....)###
#.....###....###.....'..
#.....##......##†....#
#.......YYy..........#
#.......+@yY###......#
#.......###...+......#
#.......# #####......#
#.......# #......#
##'###### ##+##### #..#
#.## #.# ######
##'####....#


You could see 3 yaks and 2 vampire mosquitoes.

Vanquished Creatures
  2 two-headed ogres
  Sonja (D:10)
  Lodul (D:10)
  An orc knight (Bailey)
  Prince Ribbit (D:7)
  11 yaks
  A shadow (D:9)
  A wraith (D:10)
  A dancing weapon (D:8)
  An acid dragon (D:10)
  A water moccasin (D:5)
  12 orc warriors
  2 sky beasts
  An ice beast (D:6)
  4 black bears
  9 ogres
  2 centaurs
  4 phantoms
  A kobold brigand (D:8)
  5 bullfrogs
  2 necrophages (D:6)
  A gnoll sergeant (D:5)
  6 scorpions
  4 hounds
  2 jellies (D:7)
  5 orc priests
  An iguana (D:6)
  11 orc wizards
  10 gnolls
  5 adders
  A shadow imp (D:8)
  A white imp (D:7)
  5 ufetubi
  3 worms
  8 dart slugs
  46 orcs
  8 bats
  10 endoplasms
  4 giant cockroaches
  7 hobgoblins
  2 jackals (D:1)
  5 quokkas
  7 ball pythons
  3 frilled lizards
  9 goblins
  10 kobolds
  4 rats
242 creatures vanquished.

Vanquished Creatures (collateral kills)
  An orc warrior (Bailey)
  An orc (D:9)
2 creatures vanquished.

Vanquished Creatures (others)
  2 dancing weapons
  17 fungi (D:8)
  19 plants (D:8)
38 creatures vanquished.

Grand Total: 282 creatures vanquished

Notes
Turn   | Place    | Note
-------+----------+-------------------------------------------
     0 | D:1      | protoss039 the Vampire Enchanter began the quest for the
                  | Orb.
     0 | D:1      | Reached XP level 1. HP: 13/13 MP: 3/3
   313 | D:1      | Reached XP level 2. HP: 16/16 MP: 5/5
   317 | D:1      | Learned a level 2 spell: Ensorcelled Hibernation
  1131 | D:2      | Gained mutation: You are afflicted with vampirism and can
                  | become a bat while bloodless. [Vampire growth]
  1131 | D:2      | Reached XP level 3. HP: 11/20 MP: 1/6
  1369 | D:2      | Reached skill level 1 in Fighting
  1369 | D:2      | Reached skill level 5 in Stealth
  1850 | D:2      | Learned a level 3 spell: Confusing Touch
  2135 | D:3      | Reached XP level 4. HP: 25/25 MP: 7/7
  2269 | D:3      | Reached skill level 1 in Ice Magic
  2957 | D:3      | Found Fiman's General Store.
  2968 | D:3      | Bought a scroll of teleportation for 39 gold pieces
  2968 | D:3      | Bought a potion of curing for 39 gold pieces
  3040 | D:3      | Found a faded altar of an unknown god.
  3115 | D:3      | Reached XP level 5. HP: 29/29 MP: 8/8
  3123 | D:3      | Learned a level 3 spell: Tukima's Dance
  3168 | D:4      | Noticed a black bear
  3172 | D:4      | Killed a black bear
  3173 | D:4      | Reached skill level 6 in Stealth
  3173 | D:4      | Reached skill level 5 in Hexes
  3174 | D:4      | Found an iron altar of Okawaru.
  3377 | D:4      | Found a blossoming altar of Fedhas.
  3378 | D:4      | Found a hide-covered altar of Uskayaw.
  3552 | D:4      | Noticed a phantom
  3559 | D:4      | Killed a phantom
  3560 | D:4      | Reached XP level 6. HP: 35/35 MP: 8/10
  3647 | D:4      | Found a staircase to the Ecumenical Temple.
  3665 | Temple   | Entered the Ecumenical Temple
  3726 | Temple   | Became a worshipper of Dithmenos the Shadowed
  4316 | D:5      | Entered Level 5 of the Dungeon
  4327 | D:5      | Reached skill level 1 in Invocations
  4338 | D:5      | Reached skill level 7 in Stealth
  4338 | D:5      | Reached XP level 7. HP: 40/40 MP: 11/11
  4445 | D:5      | Learned a level 3 spell: Dazzling Flash
  4977 | D:5      | Reached XP level 8. HP: 46/46 MP: 9/12
  5040 | D:5      | Found a stormy altar of Qazlal.
  5202 | D:6      | Reached skill level 8 in Stealth
  5315 | D:6      | Reached * piety under Dithmenos
  5411 | D:6      | Reached skill level 1 in Conjurations
  5647 | D:6      | Reached skill level 9 in Stealth
  6028 | D:7      | Found a flagged portal.
  6142 | Bailey   | Entered a bailey
  6312 | Bailey   | Reached XP level 9. HP: 52/52 MP: 7/14
  6501 | Bailey   | Reached ** piety under Dithmenos
  6666 | Bailey   | Noticed an orc knight
  6700 | Bailey   | Killed an orc knight
  6701 | Bailey   | Reached skill level 5 in Fighting
  6701 | Bailey   | Reached skill level 5 in Dodging
  6701 | Bailey   | Reached skill level 10 in Stealth
  7283 | D:7      | Noticed Prince Ribbit
  7288 | D:7      | Killed Prince Ribbit
  8152 | D:8      | Found a hazy altar of Hepliaklqana.
  8187 | D:8      | Reached skill level 5 in Invocations
  8281 | D:8      | Reached XP level 10. HP: 60/60 MP: 16/16
  8342 | D:8      | Reached skill level 11 in Stealth
  8521 | D:8      | Noticed a two-headed ogre
  8734 | D:8      | Found a sacrificial altar of Ru.
  8761 | D:8      | Killed a two-headed ogre
  8964 | D:8      | Found a staircase to the Lair.
  9000 | D:8      | Found Haymon's Dragon-Slaying Spoils.
  9482 | D:9      | Reached *** piety under Dithmenos
  9636 | D:9      | Reached skill level 5 in Spellcasting
  9642 | D:9      | Reached skill level 12 in Stealth
 10047 | D:9      | Learned a level 4 spell: Cause Fear
 10091 | D:10     | Entered Level 10 of the Dungeon
 10105 | D:10     | Noticed Lodul
 10115 | D:10     | HP: 2/61 [ogre/+0 giant spiked club[Lodul] (27)]
 10423 | D:10     | Noticed Sonja
 10430 | D:10     | Killed Sonja
 10505 | D:10     | Killed Lodul
 10506 | D:10     | Reached skill level 1 in Shields
 10506 | D:10     | Reached XP level 11. HP: 54/66 MP: 2/19
 10809 | D:10     | Reached skill level 1 in Armour
 10860 | D:10     | Noticed a two-headed ogre
 10885 | D:10     | Killed a two-headed ogre
 11014 | D:10     | Found a sparkling altar of Nemelex Xobeh.
 11065 | D:10     | Found a staircase to the Orcish Mines.
 11151 | D:10     | Mangled by a yak

Illustrated notes

Levels and vault maps discovered:
D:1:      kilobyte_arrival_exit_the_forest, layout_loops_corners,
          item_on_display_b
D:2:      layout_basic
D:3:      layout_basic, shapermc_ecumenical_altar_venn, serial_shops,
          nicolae_square_shop
D:4:      layout_basic, mainiacjoe_overflow_divided_tiny,
          okawaru_metal_pillars_3, minmay_temple_entry_stoned_glass
D:5:      layout_cave_pools, grunt_qazlal_sundering
D:6:      layout_loops_ring, kennysheep_minor_cross, kennysheep_cluttered_room,
          chequers_jeans
D:7:      layout_basic, enter_bailey_5, uniq_prince_ribbit1
D:8:      layout_loops_ring, mainiacjoe_overflow_catch_the_wave,
          grunt_lair_entry_orc_guard_hut, nicolae_shop_dragon_depot
D:9:      layout_gridville
D:10:     layout_roguey, nemelex_diamond_rough_becter, orc_0_dummy,
          minivault_19, dk_noncrumbling_3, kennysheep_generic_room_15,
          uniq_lodul, uniq_erolcha, uniq_sonja, uniq_joseph, uniq_urug
Temple:   eino_wide_crystal_templ

Skill      XL: |  1  2  3  4  5  6  7  8  9 10 11 |
---------------+----------------------------------+-----
Fighting       | 1 2 3 4 5 6 7 |  7.1
Stealth        | 5 6 7 9 10 12 | 12.9
Short Blades   | 2 3 |  3.0
Ice Magic      | 1 2 3 |  3.0
Dodging        | 3 4 5 6 |  6.6
Hexes          | 5 6 7 8 9 |  9.1
Invocations    | 1 2 3 5 6 |  6.5
Spellcasting   | 3 4 5 |  5.7
Conjurations   | 1 2 3 |  3.0
Shields        | 1 |  1.6
Armour         | 1 |  1.3

Action                   |  1- 3 |  4- 6 |  7- 9 | 10-12 || total
-------------------------+-------+-------+-------+-------++-------
Melee: Dagger            |    85 |   116 |   175 |   117 ||   493
       Bite              |     3 |    14 |    23 |    15 ||    55
 Cast: Ensorcelled Hiber |    18 |    15 |    77 |    63 ||   173
       Confusing Touch   |       |       |     5 |     8 ||    13
       Tukima's Dance    |       |       |     6 |     8 ||    14
       Cause Fear        |       |       |       |     2 ||     2
       Dazzling Flash    |       |       |       |     2 ||     2
Invok: Shadow Step       |       |       |       |     1 ||     1
 Abil: Exsanguinate      |     1 |       |       |       ||     1
  Use: Potion            |       |     1 |     2 |       ||     3
       Scroll            |       |       |     5 |       ||     5
 Stab: Sleeping          |    40 |    28 |    69 |    41 ||   178
       Invisible         |       |     2 |     3 |     2 ||     7
       Distracted        |       |     1 |       |     1 ||     2
       Confused          |       |       |     6 |     7 ||    13
Armor: Robe              |    11 |    11 |    25 |       ||    47
       Leather armour    |       |       |     1 |    15 ||    16
Dodge: Dodged            |    38 |    54 |   146 |    91 ||   329
Block: Buckler           |       |       |    52 |    72 ||   124
